 Dungeon Crawl Stone Soup version 0.31-a0-986-g5e6e4ef867 (webtiles) character file.

Game seed: 6173605780547100982

347 gelatine the Shooter (level 6, -2/70 HPs)
             Began as a Demonspawn Hunter on Nov 11, 2023.
             Succumbed to a kobold brigand's curare-tipped dart
             ... in a sewer.
             The game lasted 00:07:07 (2555 turns).

gelatine the Shooter (Demonspawn Hunter)            Turns: 2555, Time: 00:07:08

Health: -2/70      AC: 23    Str: 12    XL:     6   Next: 32%
Magic:  6/6        EV:  2    Int: 10    God:
Gold:   82         SH:  0    Dex: 18    Spells: 5/5 levels left

rFire   . . .        a - +1 shortbow
rCold   . . .        (shield currently unavailable)
rNeg    . . .        c - melded +0 leather armour
rPois   +            (helmet currently unavailable)
rElec   .            (cloak currently unavailable)
rCorr   .            f - melded +0 pair of gloves
SInv    .            (boots currently unavailable)
Will    .....        (no amulet)
Stlth   ++           (no ring)
HPRegen 0.31/turn    (no ring)
MPRegen 0.20/turn

%: no passive effects
@: brilliant, lethally poisoned (-2 -> -11), tree-form, attractive, slowed, very
slow
A: stationary, stasis, torment immunity, boosted hp, (antennae 2), magic
regeneration
a: no special abilities


You were in a sewer.
You were a tree.
You visited 1 branch of the dungeon, and saw 3 of its levels.
You also visited: Sewer.

You collected 82 gold pieces.

Inventory:

Hand Weapons
 a - a +1 shortbow (weapon)
Armour
 c - a +0 leather armour (melded)
 f - a +0 pair of gloves (melded)
Wands
 d - a wand of roots (9)
Scrolls
 j - a scroll of blinking {unknown}
Potions
 i - a potion of haste {unknown}
 k - a potion of magic {unknown}
 l - a potion of cancellation {unknown}
 m - a potion of brilliance
 n - a potion of might {unknown}


   Skills:
 + Level 3.5 Fighting
 + Level 6.0 Ranged Weapons
 + Level 1.1 Armour
 + Level 2.3 Dodging
 + Level 0.9 Stealth


You had 5 spell levels left.
You didn't know any spells.
Your spell library contained the following spells:

 Spells                   Type           Power      Damage    Failure   Level
 Summon Small Mammal      Summ           0%         N/A       36%         1
 Call Canine Familiar     Summ           0%         N/A       75%         3
 Summon Guardian Golem    Hex/Summ       0%         N/A       75%         3


Dungeon Overview and Level Annotations

Branches:
Dungeon (3/15)              Sewer (1/1)

Altars:


Innate Abilities, Weirdness & Mutations

You are a tree.
Your roots penetrate the ground, keeping you stationary.
You cannot be teleported.
You are immune to unholy pain and torment.
Your maximum health is greatly increased.
Your equipment is partially melded.
((You have a pair of antennae on your head.))
You regenerate magic rapidly.


Message History

The kobold brigand is attracted toward you.
It was a potion of curing.
You feel better. The river rat closely misses you.
As you read the scroll of butterflies, it crumbles to dust.
You hear the flapping of tiny wings.
The river rat is knocked back by the sudden gust.
The kobold brigand is knocked back by the sudden gust.
You swap places.
You swap places.
The kobold brigand misses your butterfly.
The kobold brigand throws a curare-tipped dart.
The curare-tipped dart hits you.
You are lethally poisoned!
You have difficulty breathing.
* * * LOW HITPOINT WARNING * * *
You feel as though you will be slow longer.
The kobold brigand throws a curare-tipped dart.
The curare-tipped dart barely misses you.
The curare-tipped dart misses your butterfly.
The curare-tipped dart hits your butterfly.
Your butterfly is poisoned.
Your butterfly convulses.
Your butterfly dies!
Your butterfly disappears in a burst of colours!
The kobold brigand is attracted toward you.
The river rat is attracted toward you.
It was a potion of lignification.
You turn into a tree.
Your +0 pair of gloves melds into your body.
Your +0 leather armour melds into your body.
Your roots penetrate the ground.
* * * LOW HITPOINT WARNING * * *
You feel very sick.
The river rat barely misses your butterfly.
The kobold brigand hits you but does no damage.
The river rat bites your butterfly.
Your butterfly dies!
Your butterfly disappears in a burst of colours!
The kobold brigand splashes around in the water.
The river rat is attracted toward you.
It was a potion of brilliance.
You feel clever all of a sudden.
You die...

#~~~.~~.~.~.. #~~......∩...
#~.~~~~~..... #~~..~...∩...
####### ##~~.~..~.~...
#.~~~.##### ##.b~.~~...~...
#####)†~~~####bb~~##~...~..~
#.~~~~###~bbbb~~.####~~~~..~
####### #~r♣bbb.~# ##~~..~~~
.~~~{###§Kb.~b~####~~~~~~~~
#~~§b~########..~..~~~~.
.~~~.##### #.~~~.#####. ###
#.~.~## ## #~.~## # #.~.#
#~~~# ##~~~## #


You could see a kobold brigand (ally target) and a river rat (ally target).

Vanquished Creatures
  A kobold brigand (Sewer)
  A hound (D:3)
  10 adders
  5 river rats
  6 worms
  2 dart slugs (D:1)
  8 ball pythons
  5 bats
  7 endoplasms
  A giant cockroach (D:1)
  3 goblins
  6 hobgoblins
  16 jackals
  A quokka (D:2)
  3 frilled lizards
  9 kobolds
  12 rats
96 creatures vanquished.

Notes
Turn   | Place    | Note
-------+----------+-------------------------------------------
     0 | D:1      | gelatine the Demonspawn Hunter began the quest for the Orb.
     0 | D:1      | Reached XP level 1. HP: 16/16 MP: 1/1
    74 | D:1      | Reached skill level 4 in Ranged Weapons
    74 | D:1      | Gained mutation: You have a pair of small antennae on your
                  | head. [demonic ancestry]
    74 | D:1      | Reached XP level 2. HP: 13/22 MP: 2/2
   465 | D:1      | Gained mutation: You regenerate magic rapidly. [demonic
                  | ancestry]
   465 | D:1      | Reached XP level 3. HP: 28/28 MP: 3/3
   869 | D:2      | Gained mutation: You have a pair of antennae on your head.
                  | [demonic ancestry]
   869 | D:2      | Reached XP level 4. HP: 34/34 MP: 4/4
  1325 | D:3      | Reached skill level 5 in Ranged Weapons
  1385 | D:3      | Reached XP level 5. HP: 33/40 MP: 5/5
  1771 | D:3      | Found a glowing drain.
  1776 | Sewer    | Entered a sewer
  2341 | Sewer    | Reached XP level 6. HP: 13/47 MP: 6/6
  2533 | Sewer    | Reached skill level 6 in Ranged Weapons
  2533 | Sewer    | Reached skill level 1 in Armour
  2548 | Sewer    | HP: 2/47 [river rat (3)]
  2554 | Sewer    | HP: 2/70 [poisoned by a kobold brigand (curare-tipped
                  | dart)]
  2555 | Sewer    | Succumbed to a kobold brigand's curare-tipped dart

Illustrated notes

Levels and vault maps discovered:
D:1:      ncdulo_halloftheorcs, layout_rooms, corexii_hall_statues_s
D:2:      layout_basic, nicolae_eternal_life
D:3:      layout_loops_ring, lightli_sewer_entry_pipes, minmay_pentomino_pile
Sewer:    sewer_co_tree

Skill      XL: |  1  2  3  4  5  6 |
---------------+-------------------+-----
Ranged Weapons | 4 5 6 |  6.0
Dodging        | 2 |  2.3
Fighting       | 3 |  3.5
Armour         | 1 |  1.1
Stealth        | |  0.9

Action                     |  1- 3 |  4- 6 || total
---------------------------+-------+-------++-------
   Fire: Shortbow          |   114 |   247 ||   361
    Use: Scroll            |       |     4 ||     4
         Potion            |       |     4 ||     4
 Armour: Leather armour    |    57 |    93 ||   150
         Skin              |       |     1 ||     1
  Dodge: Dodged            |    58 |    95 ||   153

Table legend: (Time is in decaauts)
 A = Elapsed time spent in this place.
 B = Non-inter-level travel time spent in this place.
 C = Inter-level travel time spent in this place.
 D = Time resting spent in this place.
 E = Time spent auto-exploring this place.
 F = Levels seen in this place.
 G = Mean time per level.
                   A        B        C        D        E       F      G
               +--------+--------+--------+--------+--------+-----+--------+
         Total |   2766 |   2691 |     75 |      0 |   2000 |   4 |  691.5 |
       Dungeon |   1846 |   1771 |     75 |      0 |   1259 |   3 |  615.3 |
         Sewer |    919 |    919 |      0 |      0 |    741 |   1 |  919.0 |
               +--------+--------+--------+--------+--------+-----+--------+

Top non-repeatable levels by time:
   Sewer: 919 daAuts
     D:2: 760 daAuts
     D:1: 580 daAuts
     D:3: 506 daAuts
